 Dungeon Crawl Stone Soup version 0.28.0 (webtiles) character file.

Game seed: 13847360182660757700

219 Alacron the Chopper (level 5, -5/47 HPs)
             Began as a Minotaur Fighter on Feb 16, 2022.
             Slain by Duvessa (6 damage)
             ... on level 4 of the Dungeon.
             The game lasted 00:02:38 (2773 turns).

Alacron the Chopper (Minotaur Fighter)              Turns: 2773, Time: 00:02:38

Health: -5/47      AC:  7    Str: 23    XL:     5   Next: 64%
Magic:  4/4        EV:  9    Int:  5    God:
Gold:   120        SH:  4    Dex:  9    Spells: 4/4 levels left

rFire   . . .      SeeInvis .   a - +0 war axe
rCold   . . .      Faith    .   c - +0 buckler
rNeg    . . .      Spirit   .   b - +0 scale mail
rPois   .          Reflect  .   (helmet restricted)
rElec   .          Harm     .   (no cloak)
rCorr   .          Rampage  .   (no gloves)
Will    .....                   (no boots)
Stlth   ..........              (no amulet)
HPRegen 0.15/turn               (no ring)
MPRegen 0.09/turn               (no ring)

@: no status effects
A: horns 2, retaliatory headbutt
a: no special abilities


You were on level 4 of the Dungeon.
You visited 1 branch of the dungeon, and saw 4 of its levels.

You collected 120 gold pieces.

Inventory:

Hand Weapons
 a - a +0 war axe (weapon)
Armour
 b - a +0 scale mail (worn)
 c - a +0 buckler (worn)
Jewellery
 m - a ring of fire
Wands
 q - a wand of polymorph (5)
Scrolls
 f - 3 scrolls of identify {unknown}
 n - a scroll of magic mapping {unknown}
 o - a scroll of summoning {unknown}
Potions
 d - a potion of might
 e - a potion of cancellation {unknown}
 g - 2 potions of curing {unknown}
 h - a potion of magic {unknown}
 i - 2 potions of haste {unknown}
 j - a potion of brilliance {unknown}
 k - a potion of ambrosia {unknown}
 l - a potion of flight {unknown}
 p - 2 potions of heal wounds {unknown}


   Skills:
 + Level 4.6 Fighting
 + Level 4.9 Axes
 + Level 4.7 Armour
 + Level 1.0 Dodging
 + Level 0.1 Stealth
 + Level 4.5 Shields


You had 4 spell levels left.
You didn't know any spells.
Your spell library was empty.

Dungeon Overview and Level Annotations

Branches:
Dungeon (4/15)             Temple (0/1) D:4

Altars:
Cheibriados

Annotations:
D:3 2 transporters, Jenx's ghost, amateur DsAK
D:4 Dowan; Duvessa


Innate Abilities, Weirdness & Mutations

You have a pair of horns on your head.
You reflexively headbutt those who attack you in melee.


Message History

There are monsters nearby!
The goblin shouts!
You hit Duvessa. Your headbutt misses Duvessa.
Duvessa is lightly wounded.
You closely miss the jackal. You slash the jackal!
You kill the jackal!
Duvessa says, "Where magic fails, the sword succeeds!"
Duvessa hits you with a +0 short sword! The jackal closely misses you.
Duvessa hits you with a +0 short sword.
You closely miss Duvessa. Your headbutt misses Duvessa.
Duvessa is lightly wounded.
You hit the jackal. You block the jackal's attack. Duvessa barely misses you.
The jackal bites you but does no damage.
Duvessa hits you but does no damage.
Dowan says, "My weaknesses are her strengths!"
Dowan casts a spell.
Dowan blinks!
You barely miss Duvessa. Your headbutt misses Duvessa.
Duvessa is lightly wounded.
You hit the kobold.
You kill the kobold!
You closely miss the jackal. Duvessa hits you with a +0 short sword!
The jackal bites you but does no damage.
The jackal bites you. Duvessa hits you with a +0 short sword.
* * * LOW HITPOINT WARNING * * *
You block the jackal's attack. Duvessa hits you with a +0 short sword.
* * * LOW HITPOINT WARNING * * *
Dowan points at you and mumbles some strange words.
The puff of flame hits you.
* * * LOW HITPOINT WARNING * * *
Duvessa hits you with a +0 short sword!
* * * LOW HITPOINT WARNING * * *
Dowan says, "Stay away from my face!"
Dowan hits you but does no damage. Duvessa hits you but does no damage.
Dowan casts a spell at you. The puff of flame misses you.
Duvessa hits you with a +0 short sword.
* * * LOW HITPOINT WARNING * * *
Duvessa hits you with a +0 short sword.
You die...

#.# #.#.# #.#.# #.#.# #.#.# #.
#.#.############# ## #..
#.#.............. #...#..
######.############### ##.#.#..
#..he@................
##.......##......###############
...#.#............##### #
#.......#...e.g.......##########
..#.⌠.#....J......÷.............
#.......#.........###.##########
..⌠.>.⌠...#.......# #...........
#.....).#...#####.# ############
..#.⌠.#.†..## #.# #####


You could see Duvessa (fast), Dowan, a jelly, a jackal and a goblin.

Vanquished Creatures
  An iron imp (D:3)
  An iguana (D:4)
  4 gnolls
  A howler monkey skeleton (D:4)
  3 adders
  A worm (D:3)
  3 dart slugs
  3 orcs (D:4)
  11 ball pythons
  5 endoplasms
  2 giant cockroaches
  5 goblins
  3 hobgoblins
  5 jackals
  5 kobolds
  5 quokkas
  6 bats
  A frilled lizard (D:2)
  9 rats
74 creatures vanquished.

Notes
Turn   | Place    | Note
-------+----------+-------------------------------------------
     0 | D:1      | Alacron the Minotaur Fighter began the quest for the Orb.
     0 | D:1      | Reached XP level 1. HP: 19/19 MP: 0/0
    44 | D:1      | Reached XP level 2. HP: 22/27 MP: 1/1
   400 | D:1      | Reached XP level 3. HP: 33/33 MP: 2/2
   550 | D:1      | You fall into a shaft and drop 1 floor!
  1109 | D:1      | Reached XP level 4. HP: 39/41 MP: 3/3
  1125 | D:1      | Found a faded altar of an unknown god.
  1444 | D:3      | Found a transporter.
  1451 | D:3      | Noticed Jenx's ghost (amateur DsAK)
  1454 | D:3      | Found a transporter.
  1875 | D:3      | Reached XP level 5. HP: 47/47 MP: 4/4
  2181 | D:3      | Found a snail-covered altar of Cheibriados.
  2545 | D:4      | Reached skill level 1 in Dodging
  2756 | D:4      | Found a staircase to the Ecumenical Temple.
  2757 | D:4      | Noticed Duvessa
  2757 | D:4      | Noticed Dowan
  2771 | D:4      | HP: 1/47 [Duvessa (2)]
  2773 | D:4      | Slain by Duvessa

Illustrated notes

Levels and vault maps discovered:
D:1:      lemuel_arrival_room, layout_basic, shapermc_ecumenical_altar_venn,
          minmay_pentomino_w4
D:2:      layout_rooms
D:3:      layout_basic, slow_altar_2, gammafunk_ghost_arena, minmay_door_square,
          hangedman_decor_slide_cut, nicolae_elevator_lobby_plus
D:4:      layout_basic, minmay_temple_entry_sparse_star, uniq_duvessa

Skill      XL: |  1  2  3  4  5 |
---------------+----------------+-----
Fighting       | 4 |  4.6
Armour         | 4 |  4.7
Axes           | 3 4 |  4.9
Shields        | 4 |  4.5
Dodging        | 1 |  1.0
Stealth        | |  0.1

Action                   |  1- 3 |  4- 6 || total
-------------------------+-------+-------++-------
Melee: War axe           |    82 |    77 ||   159
       Headbutt          |     9 |    17 ||    26
Armor: Scale mail        |    32 |    39 ||    71
Dodge: Dodged            |    44 |    41 ||    85
Block: Buckler           |    20 |    18 ||    38
